 Dungeon Crawl Stone Soup version 0.27-a0-660-g90476cec82 (webtiles) character file.

Game seed: 8711695715646737275

95 robertstho the Skirmisher (level 4, 0/37 HPs)
             Began as a Formicid Abyssal Knight on Mar 16, 2021.
             Was a Follower of Lugonu.
             Succumbed to an orc's poison
             ... on level 3 of the Dungeon.
             The game lasted 00:02:58 (2994 turns).

robertstho the Skirmisher (Formicid Abyssal Knight) Turns: 2994, Time: 00:02:59

Health: 0/37       AC:  8    Str: 17    XL:     4   Next: 97%
Magic:  6/6        EV: 14    Int: 14    God:    Lugonu [*.....]
Gold:   169        SH:  0    Dex: 10    Spells: 3/3 levels left

rFire    + . .     SeeInvis +   a - +2 hand axe
rCold    . . .     Faith    .   (no shield)
rNeg     . . .     Spirit   .   o - +2 scale mail {Will+}
rPois    .         Reflect  .   (helmet unavailable)
rElec    .         Harm     .   (no cloak)
rCorr    .         Rampage  .   (no gloves)
Will     +....                  (no boots)
Stlth    ..........             (no amulet)
HPRegen  0.12/turn              e - +4 ring of evasion
MPRegen  0.10/turn              f - ring of flight

@: lethally poisoned (0 -> -1), attractive
A: permanent stasis, dig shafts and tunnels, antennae 3, four strong arms,
clever 1, fire resistance 1, sturdy frame 1
a: Dig, Shaft Self, Renounce Religion, Evoke Flight, Depart the Abyss


You were on level 3 of the Dungeon.
You worshipped Lugonu.
Lugonu was aware of your devotion.
You visited 1 branch of the dungeon, and saw 3 of its levels.
You visited the Abyss 1 time.

You collected 169 gold pieces.

Inventory:

Hand Weapons
 a - a +2 hand axe (weapon)
Armour
 o - a +2 scale mail of willpower (worn)
Jewellery
 e - a +4 ring of evasion (right hand)
 f - a ring of flight (left hand)
Wands
 j - a wand of flame (21)
Scrolls
 b - a scroll of teleportation {unknown}
 c - 2 scrolls of magic mapping
 d - a scroll of fog
 g - a scroll of blinking {unknown}
 h - a scroll of enchant weapon
 m - a scroll of enchant armour {unknown}
Potions
 n - 2 potions of attraction


   Skills:
 * Level 4.2 Fighting
 + Level 2.4 Axes
 * Level 3.2 Armour
 + Level 1.3 Dodging
 + Level 0.1 Stealth
 * Level 3.0 Invocations


You had 3 spell levels left.
You didn't know any spells.
Your spell library was empty.

Dungeon Overview and Level Annotations

Branches:
Dungeon (3/15)

Altars:


Innate Abilities, Weirdness & Mutations

You cannot be hasted, slowed, berserked, paralysed or teleported.
You can dig through walls and to a lower floor.
You have a pair of large antennae on your head. (SInv)
Your four strong arms can wield two-handed weapons with a shield.
Your mind is acute. (Int +2)
Your flesh is heat resistant. (rF+)
Your movements are slightly less encumbered by armour. (ER -2)


Message History

The orc closely misses you.
The orc priest miscasts a cantrip.
You slash the orc!
You kill the orc!
Lugonu accepts your kill.
You feel sick.
You barely miss the orc priest. The orc priest misses you.
The orc priest barely misses you.
You closely miss the orc priest.
The orc priest hits you with a +0 dagger.
You hit the orc priest.
The orc priest is lightly wounded.
You feel sick.
The orc priest mumbles some strange prayers to Beogh against you.
Beogh smites you!
* * * LOW HITPOINT WARNING * * *
You hit the orc priest.
The orc priest is moderately wounded.
The orc priest closely misses you.
You hit the orc priest.
The orc priest is moderately wounded.
The orc priest casts a cantrip, but nothing happens.
You slash the orc priest!
The orc priest is almost dead.
You feel sick. The orc priest completely misses you.
The orc priest mumbles some strange prayers to Beogh against you.
You resist with some effort.
You closely miss the orc priest.
The orc priest is almost dead.
The orc priest misses you.
You barely miss the orc priest.
The orc priest is almost dead.
The orc priest mumbles some strange prayers to Beogh against you.
Pain shoots through your body!
* * * LOW HITPOINT WARNING * * *
Okay, then.
You hit the orc priest.
You kill the orc priest!
Lugonu accepts your kill.
You die...

#.##.# ..# #.##.#
#.##.# #.##.#
#.##.#######
#....†......
.#.##+##.#########
.........###o.....
..........@)o....#
...?.....###w...##
.#........ .....
{........... #.#.
##..#.#.#..# #
#......(..#
#....#.##.# ....#.
.#


You could see a worm and 2 orcs.

Vanquished Creatures
  An orc priest (D:3)
  Terence (D:3)
  2 adders (D:3)
  A worm (D:2)
  A leopard gecko (D:3)
  4 orcs (D:3)
  2 giant cockroaches
  6 goblins
  3 hobgoblins
  6 jackals
  4 kobolds
  A quokka (D:2)
  6 bats
  2 frilled lizards (D:1)
  A jackal zombie (D:3)
  4 rats (D:1)
45 creatures vanquished.

Notes
Turn   | Place    | Note
-------+----------+-------------------------------------------
     0 | Abyss:1  | robertstho the Formicid Abyssal Knight began the quest for
                  | the Orb.
     0 | Abyss:1  | Reached XP level 1. HP: 18/18 MP: 2/2
    62 | Abyss:1  | Noticed a green ugly thing
    68 | D:1      | Escaped the Abyss
   935 | D:1      | Reached XP level 2. HP: 16/24 MP: 3/3
  1079 | D:1      | Reached * piety under Lugonu
  1219 | D:1      | Reached skill level 1 in Dodging
  1241 | D:1      | Reached skill level 4 in Fighting
  1244 | D:1      | Reached XP level 3. HP: 30/30 MP: 4/4
  2269 | D:3      | Found a faded altar of an unknown god.
  2320 | D:3      | Reached XP level 4. HP: 37/37 MP: 6/6
  2593 | D:3      | Noticed Terence
  2620 | D:3      | Killed Terence
  2984 | D:3      | Gained mutation: Your flesh is heat resistant. (rF+)
                  | [potion of mutation]
  2984 | D:3      | Gained mutation: Your movements are slightly less
                  | encumbered by armour. (ER -2) [potion of mutation]
  2984 | D:3      | Gained mutation: Your mind is acute. (Int +2) [potion of
                  | mutation]
  2993 | D:3      | HP: 1/37 [orc priest/nerve-wracking pain (7)]
  2994 | D:3      | Succumbed to an orc's poison

Illustrated notes

Levels and vault maps discovered:
D:1:      saegor_arrival_miasma, layout_basic, minmay_misc_feat_ornament
D:2:      layout_rooms
D:3:      layout_basic, chequers_ecumenical_altar_simple_redux, minivault_25,
          minmay_bisected, uniq_terence

Skill      XL: |  1  2  3  4 |
---------------+-------------+-----
Dodging        | 1 |  1.3
Fighting       | 4 |  4.2
Armour         | 3 |  3.2
Invocations    | 3 |  3.0
Axes           | |  2.4
Stealth        | |  0.1

Action                   |  1- 3 |  4- 6 || total
-------------------------+-------+-------++-------
Melee: Hand axe          |    91 |    63 ||   154
Invok: Depart the Abyss  |     1 |       ||     1
  Use: Scroll            |     5 |       ||     5
       Potion            |       |     4 ||     4
Armor: Leather armour    |    14 |       ||    14
       Scale mail        |    10 |    16 ||    26
       Skin              |       |     4 ||     4
Dodge: Dodged            |    78 |    39 ||   117

Table legend: (Time is in decaauts)
 A = Elapsed time spent in this place.
 B = Non-inter-level travel time spent in this place.
 C = Inter-level travel time spent in this place.
 D = Time resting spent in this place.
 E = Time spent auto-exploring this place.
 F = Levels seen in this place.
 G = Mean time per level.
                   A        B        C        D        E       F      G
               +--------+--------+--------+--------+--------+-----+--------+
         Total |   3022 |   2950 |     72 |    843 |   1703 |   4 |  755.5 |
       Dungeon |   2954 |   2882 |     72 |    843 |   1656 |   3 |  984.7 |
         Abyss |     68 |     68 |      0 |      0 |     47 |   1 |   68.0 |
               +--------+--------+--------+--------+--------+-----+--------+

Top non-repeatable levels by time:
     D:1: 1638 daAuts
     D:3: 804 daAuts
     D:2: 512 daAuts
 Abyss:1: 68 daAuts
